UAA
MYRTLE BEACH MERMEN @ SUN PRAIRIE SWALLOWS
08/31/2017
 
TOP OF THE 1ST
Myrtle Beach Mermen batting - Pitching for Sun Prairie Swallows : LHP Ilie Paunescu
Pitching: LHP Ilie Paunescu
Batting: RHB José Caballero 0-0: Swinging Strike
0-1: Called Strike
0-2: Foul Ball, location: 2F
0-2: Ball
1-2: Strikes out swinging
Batting: RHB Sal Haynes 0-0: Ball
1-0: Ball
2-0: Fly out, F9 (Flyball, 9LM)
Batting: RHB Carlos Gómez 0-0: Ball
1-0: Ball
2-0: Ball
3-0: Called Strike
3-1: Fly out, F8 (Flyball, 8LXD)
Top of the 1st over - 0 run(s), 0 hit(s), 0 error(s), 0 left on base; Myrtle Beach 0 - Sun Prairie 0
BOTTOM OF THE 1ST
Sun Prairie Swallows batting - Pitching for Myrtle Beach Mermen : RHP Steve Sanders
Pitching: RHP Steve Sanders
Batting: LHB Kent Roberts 0-0: Called Strike
0-1: Called Strike
0-2: Ball
1-2: Ground out U3 (Groundball, 3S)
Batting: RHB Jeremy Christensen 0-0: Foul Ball, location: 2F
0-1: Ball
1-1: Swinging Strike
1-2: Ball
2-2: Strikes out swinging
Batting: LHB Albert Morán 0-0: SOLO HOME RUN (Flyball, 89XD), Distance : 440 ft
Batting: LHB John Brewer 0-0: Called Strike
0-1: Foul Ball, location: 2F
0-2: Ball
1-2: Foul Ball, location: 2F
1-2: Strikes out looking
Bottom of the 1st over - 1 run(s), 1 hit(s), 0 error(s), 0 left on base; Myrtle Beach 0 - Sun Prairie 1
TOP OF THE 2ND
Myrtle Beach Mermen batting - Pitching for Sun Prairie Swallows : LHP Ilie Paunescu
Batting: LHB Chris Hill 0-0: Called Strike
0-1: Swinging Strike
0-2: Foul Ball, location: 2F
0-2: Strikes out swinging
Batting: RHB Max White 0-0: Ball
1-0: Foul Ball, location: 2F
1-1: Fly out, F8 (Flyball, 8RM)
Batting: RHB Mike Fleming 0-0: Foul Ball, location: 2F
0-1: Ball
1-1: Foul Ball, location: 2F
1-2: Ball
2-2: SINGLE (Flyball, 7S)
Batting: LHB Steven Johnstone 0-0: Ground out 5-3 (Groundball, 5)
Top of the 2nd over - 0 run(s), 1 hit(s), 0 error(s), 1 left on base; Myrtle Beach 0 - Sun Prairie 1
BOTTOM OF THE 2ND
Sun Prairie Swallows batting - Pitching for Myrtle Beach Mermen : RHP Steve Sanders
Batting: RHB Javier Vásquez 0-0: SINGLE (Groundball, 25) (infield hit)
Batting: RHB Monty Sharp 0-0: Fly out, F9 (Flyball, 89M)
Batting: RHB Dave Moulin 0-0: Ball
1-0: Foul Ball, location: 2F
1-1: Called Strike
1-2: Ball
2-2: Strikes out swinging
Batting: RHB Jon Erickson 0-0: Called Strike
0-1: Ball
1-1: Called Strike
1-2: Ground out 3-1 (Groundball, 23)
Bottom of the 2nd over - 0 run(s), 1 hit(s), 0 error(s), 1 left on base; Myrtle Beach 0 - Sun Prairie 1
TOP OF THE 3RD
Myrtle Beach Mermen batting - Pitching for Sun Prairie Swallows : LHP Ilie Paunescu
Batting: SHB Avery Little 0-0: Ball
1-0: Foul Ball, location: 2F
1-1: DOUBLE (Line Drive, 78M)
Batting: RHB Ángelo Saldaña 0-0: Ball
1-0: Ball
2-0: Called Strike
2-1: Fly out, F3 (Popup, 3F)
Batting: RHB José Caballero 0-0: Ground out 4-3 (Groundball, 4)
Avery Little to third
Batting: RHB Sal Haynes 0-0: Called Strike
0-1: Ground out 6-3 (Groundball, 6M)
Top of the 3rd over - 0 run(s), 1 hit(s), 0 error(s), 1 left on base; Myrtle Beach 0 - Sun Prairie 1
BOTTOM OF THE 3RD
Sun Prairie Swallows batting - Pitching for Myrtle Beach Mermen : RHP Steve Sanders
Batting: LHB José Marín 0-0: Called Strike
0-1: Called Strike
0-2: Strikes out looking
Batting: LHB Kent Roberts 0-0: Fly out, F5 (Popup, 56S)
Batting: RHB Jeremy Christensen 0-0: Ball
1-0: Called Strike
1-1: Ball
2-1: Foul Ball, location: 2F
2-2: Strikes out swinging
Bottom of the 3rd over - 0 run(s), 0 hit(s), 0 error(s), 0 left on base; Myrtle Beach 0 - Sun Prairie 1
TOP OF THE 4TH
Myrtle Beach Mermen batting - Pitching for Sun Prairie Swallows : LHP Ilie Paunescu
Batting: RHB Carlos Gómez 0-0: Ball
1-0: SINGLE (Groundball, 4M)
Batting: LHB Chris Hill 0-0: Ball
1-0: Ball
2-0: Ground out 5-3 (Groundball, 6S)
Carlos Gómez to second
Batting: RHB Max White 0-0: Called Strike
0-1: Called Strike
0-2: Foul Ball, location: 2F
0-2: Ball
1-2: Strikes out swinging
Batting: RHB Mike Fleming 0-0: Ground out 5-3 (Groundball, 56S)
Top of the 4th over - 0 run(s), 1 hit(s), 0 error(s), 1 left on base; Myrtle Beach 0 - Sun Prairie 1
BOTTOM OF THE 4TH
Sun Prairie Swallows batting - Pitching for Myrtle Beach Mermen : RHP Steve Sanders
Batting: LHB Albert Morán 0-0: Ball
1-0: Swinging Strike
1-1: Foul Ball, location: 2F
1-2: Ball
2-2: Foul Ball, location: 2F
2-2: Strikes out swinging
Batting: LHB John Brewer 0-0: Ball
1-0: Ball
2-0: Ball
3-0: Base on Balls
Batting: RHB Javier Vásquez 0-0: Ball
1-0: Foul Ball, location: 2F
1-1: Ball
2-1: Ball
3-1: Swinging Strike
3-2: Strikes out swinging
Batting: RHB Monty Sharp 0-0: Ball
1-0: Foul Ball, location: 2F
1-1: Ball
2-1: Called Strike
2-2: SINGLE (Flyball, 78S)
John Brewer to second
Batting: RHB Dave Moulin 0-0: Ground out 4-3 (Groundball, 4)
Bottom of the 4th over - 0 run(s), 1 hit(s), 0 error(s), 2 left on base; Myrtle Beach 0 - Sun Prairie 1
TOP OF THE 5TH
Myrtle Beach Mermen batting - Pitching for Sun Prairie Swallows : LHP Ilie Paunescu
Batting: LHB Steven Johnstone 0-0: Fly out, F9 (Flyball, 89S)
Batting: SHB Avery Little 0-0: Ball
1-0: Ball
2-0: Ball
3-0: Called Strike
3-1: Fly out, F7 (Flyball, 8LM)
Batting: RHB Ángelo Saldaña 0-0: Called Strike
0-1: Called Strike
0-2: Ground out 5-3 (Groundball, 5S)
Top of the 5th over - 0 run(s), 0 hit(s), 0 error(s), 0 left on base; Myrtle Beach 0 - Sun Prairie 1
BOTTOM OF THE 5TH
Sun Prairie Swallows batting - Pitching for Myrtle Beach Mermen : RHP Steve Sanders
Batting: RHB Jon Erickson 0-0: Called Strike
0-1: Ball
1-1: Ground out 5-3 (Groundball, 5)
Batting: LHB José Marín 0-0: Foul Ball, location: 2F
0-1: Ball
1-1: Swinging Strike
1-2: Fly out, F2 (Popup, 5SF)
Batting: LHB Kent Roberts 0-0: Ball
1-0: Ball
2-0: Ball
3-0: Called Strike
3-1: Called Strike
3-2: Base on Balls
Batting: RHB Jeremy Christensen 0-0: Foul Ball, location: 2F
0-1: Ball
1-1: Fielders Choice at 2nd, U4 (Groundball, 4M)
Bottom of the 5th over - 0 run(s), 0 hit(s), 0 error(s), 1 left on base; Myrtle Beach 0 - Sun Prairie 1
TOP OF THE 6TH
Myrtle Beach Mermen batting - Pitching for Sun Prairie Swallows : LHP Ilie Paunescu
Batting: RHB José Caballero 0-0: Foul Ball, location: 2F
0-1: Ball
1-1: Fly out, F9 (Line Drive, 89M)
Batting: RHB Sal Haynes 0-0: Swinging Strike
0-1: Ball
1-1: DOUBLE (Line Drive, 7LS)
Batting: RHB Carlos Gómez 0-0: Ball
1-0: Fly out, F8 (Flyball, 8LS)
Batting: LHB Chris Hill 0-0: Ball
1-0: Fly out, F4 (Popup, 4)
Top of the 6th over - 0 run(s), 1 hit(s), 0 error(s), 1 left on base; Myrtle Beach 0 - Sun Prairie 1
BOTTOM OF THE 6TH
Sun Prairie Swallows batting - Pitching for Myrtle Beach Mermen : RHP Steve Sanders
Batting: LHB Albert Morán 0-0: Ball
1-0: Foul Ball, location: 2F
1-1: Foul Ball, location: 2F
1-2: Ball
2-2: Foul Ball, location: 2F
2-2: Foul Ball, location: 2F
2-2: Ground out 5-3 (Groundball, 5S)
Batting: LHB John Brewer 0-0: Called Strike
0-1: Ball
1-1: Fly out, F9 (Flyball, 9D)
Batting: RHB Javier Vásquez 0-0: Called Strike
0-1: Swinging Strike
0-2: Ball
1-2: Foul Ball, location: 2F
1-2: Strikes out swinging
Bottom of the 6th over - 0 run(s), 0 hit(s), 0 error(s), 0 left on base; Myrtle Beach 0 - Sun Prairie 1
TOP OF THE 7TH
Myrtle Beach Mermen batting - Pitching for Sun Prairie Swallows : LHP Ilie Paunescu
Batting: RHB Max White 0-0: Called Strike
0-1: Ball
1-1: Ground out 6-3 (Groundball, 6)
Batting: RHB Mike Fleming 0-0: Ball
1-0: Ball
2-0: Foul Ball, location: 2F
2-1: Ball
3-1: Called Strike
3-2: Base on Balls
Pinch Hitting: RHB Earnest Veeck 0-0: Ball
1-0: Swinging Strike
1-1: Swinging Strike
1-2: Strikes out swinging
Pinch Hitting: RHB Pat Lindsey 0-0: Ball
1-0: Foul Ball, location: 2F
1-1: Fly out, F8 (Line Drive, 8RM)
Top of the 7th over - 0 run(s), 0 hit(s), 0 error(s), 1 left on base; Myrtle Beach 0 - Sun Prairie 1
BOTTOM OF THE 7TH
Sun Prairie Swallows batting - Pitching for Myrtle Beach Mermen : RHP Steve Sanders
Now in LF: Mal Cobb
Now in RF: Pat Lindsey
Batting: RHB Monty Sharp 0-0: Ball
1-0: Swinging Strike
1-1: Ball
2-1: Called Strike
2-2: Ball
3-2: Foul Ball, location: 2F
3-2: Foul Ball, location: 2F
3-2: Foul Ball, location: 2F
3-2: DOUBLE (Line Drive, 3D)
Batting: RHB Dave Moulin 0-0: Intentional Walk
Pitching: RHP Kenny Ryan
Pinch Hitting: RHB Jim Unknown 0-0: Called Strike
0-1: Fly out, F9 (Line Drive, 9LM)
Pitching: LHP Ryan McCall
Pinch Hitting: RHB Calvin Fleming 0-0: DOUBLE (Flyball, 8RM)
Monty Sharp scores
Dave Moulin to third
Pitching: LHP Dusty Muhidini
Pinch Hitting: RHB Ron Williams 0-0: Called Strike
0-1: Ball
1-1: Foul Ball, location: 2F
1-2: Ball
2-2: Hit by Pitch
Batting: RHB Jeremy Christensen 0-0: Called Strike
0-1: Ball
1-1: Ball
2-1: Grounds into double play, 5-4-3 (Groundball, 56)
Bottom of the 7th over - 1 run(s), 2 hit(s), 0 error(s), 2 left on base; Myrtle Beach 0 - Sun Prairie 2
TOP OF THE 8TH
Myrtle Beach Mermen batting - Pitching for Sun Prairie Swallows : LHP Ilie Paunescu
Now at 3B: Jim Unknown
Now at SS: Ron Williams
Now in LF: Calvin Fleming
Batting: RHB Ángelo Saldaña 0-0: Ball
1-0: Ball
2-0: Ball
3-0: Base on Balls
Batting: RHB José Caballero 0-0: Ball
1-0: Ball
2-0: Ball
3-0: Base on Balls
Ángelo Saldaña to second
Pinch Hitting: RHB Kevin Tyler 0-0: Grounds into double play, 3-6-3 (Groundball, 3)
Ángelo Saldaña to third
Batting: RHB Carlos Gómez 0-0: Ball
1-0: Called Strike
1-1: Ground out 5-3 (Groundball, 56S)
Top of the 8th over - 0 run(s), 0 hit(s), 0 error(s), 1 left on base; Myrtle Beach 0 - Sun Prairie 2
BOTTOM OF THE 8TH
Sun Prairie Swallows batting - Pitching for Myrtle Beach Mermen : LHP Dusty Muhidini
Now at 1B: Kevin Tyler
Batting: LHB Albert Morán 0-0: Swinging Strike
0-1: Swinging Strike
0-2: Hit by Pitch
Batting: LHB John Brewer 0-0: Ball
1-0: Foul Ball, location: 2F
1-1: Ball
2-1: Ball
3-1: Foul Ball, location: 2F
3-2: Foul Ball, location: 2F
3-2: Ground out 4-3 (Groundball, 4M)
Albert Morán to second
Batting: RHB Javier Vásquez 0-0: Called Strike
0-1: Ball
1-1: Foul Ball, location: 2F
1-2: Foul Ball, location: 2F
1-2: Strikes out looking
Batting: RHB Monty Sharp 0-0: Called Strike
0-1: Swinging Strike
0-2: Strikes out swinging
Bottom of the 8th over - 0 run(s), 0 hit(s), 0 error(s), 1 left on base; Myrtle Beach 0 - Sun Prairie 2
TOP OF THE 9TH
Myrtle Beach Mermen batting - Pitching for Sun Prairie Swallows : LHP Ilie Paunescu
Batting: LHB Chris Hill 0-0: SOLO HOME RUN (Flyball, 9LD), Distance : 358 ft
Pitching: RHP Mike Allen
Batting: RHB Max White 0-0: Called Strike
0-1: Ball
1-1: Swinging Strike
1-2: Ball
2-2: Foul Ball, location: 2F
2-2: Ball
3-2: Strikes out swinging
Pinch Hitting: RHB Jim Unknown 0-0: SINGLE (Line Drive, 8LS)
Batting: LHB Mal Cobb 0-0: SINGLE (Groundball, 6MD)
Jim Unknown to second
Batting: RHB Pat Lindsey 0-0: Called Strike
0-1: Swinging Strike
0-2: Strikes out looking
Pinch Hitting: RHB Matt Fisher 0-0: Ball
1-0: Ball
2-0: Ground out 6-3 (Groundball, 56)
Top of the 9th over - 1 run(s), 3 hit(s), 0 error(s), 2 left on base; Myrtle Beach 1 - Sun Prairie 2
This league is powered by Out of the Park Baseball, the baseball management simulation game for PC, Mac and Linux
Saturday, February 27th, 2021 - OOTP Baseball 15.6 Build 34